 Dungeon Crawl Stone Soup version 0.27-a0-1548-gf8a67e7463 (webtiles) character file.

Game seed: 8594335321012181971

64 lunkers the Insei (level 4, -1/33 HPs)
             Began as a Djinni Warper on July 13, 2021.
             Frozen to death by an endoplasm (6 damage)
             ... on level 2 of the Dungeon.
             The game lasted 00:02:47 (2347 turns).

lunkers the Insei (Djinni Warper)                   Turns: 2347, Time: 00:02:48

Health: -1/33      AC:  3    Str: 10    XL:     4   Next: 32%
Gold:   21         EV: 11    Int: 16    God:
                   SH:  0    Dex: 12

rFire    + + .     SeeInvis .     - Unarmed
rCold    x . .     Faith    .   (no shield)
rNeg     . . .     Spirit   .   a - +0 leather armour
rPois    ∞         Reflect  .   (no helmet)
rElec    .         Harm     .   (no cloak)
rCorr    .         Rampage  .   (no gloves)
Will     .....                  (boots unavailable)
Stlth    +.........             (no amulet)
HPRegen  0.11/turn              (no ring)
MPRegen  0.00/turn              (no ring)

@: flying
A: sickness immunity, fire resistance 2, cold vulnerability 1, float, innate
caster, hp casting, extra vitality 1
a: no special abilities


You were on level 2 of the Dungeon.
You visited 1 branch of the dungeon, and saw 2 of its levels.

You collected 21 gold pieces.

Inventory:

Missiles
 c - 5 boomerangs of dispersal
Armour
 a - a +0 leather armour (worn)
Jewellery
 j - an amulet of regeneration
Scrolls
 b - a scroll of blinking
 d - 2 scrolls of magic mapping {unknown}
 f - a scroll of identify {unknown}
 g - 3 scrolls of summoning {unknown}
 i - a scroll of amnesia {unknown}
 k - a scroll of noise {unknown}
 n - a scroll of acquirement {unknown}
Potions
 e - 2 potions of curing {unknown}
 h - a potion of haste {unknown}
 l - a potion of brilliance {unknown}
 m - a potion of berserk rage {unknown}


   Skills:
 - Level 2.0 Fighting
 - Level 0.7 Throwing
 - Level 1.0 Armour
 - Level 2.1 Dodging
 + Level 3.3 Unarmed Combat
 * Level 3.2 Spellcasting


You couldn't memorise any spells.
You knew the following spells:

 Your Spells              Type           Power      Damage    Failure   Level
a - Shock                 Conj/Air       48%        1d6       7%          1
b - Lesser Beckoning      Tloc           6%         N/A       21%         3
c - Gell's Gravitas       Tloc           6%         N/A       21%         3
d - Teleport Other        Tloc           12%        N/A       21%         3
e - Manifold Assault      Tloc           12%        N/A       88%         5
p - Blink                 Tloc           N/A        N/A       10%         2
Your spell library was empty.

Dungeon Overview and Level Annotations

Branches:
Dungeon (2/15)

Altars:

Annotations:
D:2 Sigmund


Innate Abilities, Weirdness & Mutations

You are immune to sickness and miasma.
You are immune to poison.
Your flesh is very heat resistant. (rF++)
You are vulnerable to cold. (rC-)
You float through the air rather than walking.
You learn spells naturally, not from books.
Your magical power is your life essence.
You have superior vitality. (+4 HP)


Message History

You are too confused!
You bump into the rock wall.
You bump into the rock wall.
Sigmund casts a spell at you. The puff of flame misses you.
You bump into the rock wall.
You're too confused to move!
An endoplasm comes into view.
Sigmund points at you and mumbles some strange words.
You are more confused.
You bump into the rock wall.
Sigmund hits you from afar with a +0 scythe.
Sigmund casts a spell at you.
You are more confused.
Sigmund is suddenly surrounded by pale red light.
Sigmund closely misses you.
You bump into the rock wall.
Sigmund hits you from afar with a +0 scythe.
The endoplasm freezes you.
You are frozen.
You feel a terrible chill! Sigmund looks at you with fury.
Sigmund points at you and mumbles some strange words.
The magic dart hits you.
* * * LOW HITPOINT WARNING * * *
The endoplasm hits you but does no damage.
Sigmund barely misses you.
You bump into the rock wall.
The endoplasm closely misses you. Sigmund hits you with a +0 scythe!
* * * LOW HITPOINT WARNING * * *
You bump into the rock wall.
You feel less confused. The endoplasm closely misses you.
Sigmund hits you with a +0 scythe.
* * * LOW HITPOINT WARNING * * *
The endoplasm barely misses you.
Sigmund gestures wildly while chanting.
Sigmund flickers and vanishes!
Deactivating autopickup; reactivate with Ctrl-A.
The endoplasm freezes you.
You are frozen.
You feel a terrible chill!
You die...

#.#####.##........###.#.....#
#............).<..###.#..##.#
######.###.#....#...........#
#.# #.#.#..#######...### #.#
#.#.#..# #...#######
#####.###......# #..........
#........##.#.########..)#####..
#.....##.......##...............
#.....##..#.#..@J{..............
#.....##...#.#.##...............
#.....##..#.##.#######'####.....
##........#.##.# #.......#####.
########......# #.......# ##
###.#### #...≈§§.# #########.#
#..≈§≈..# #.........# #)..§...#
#.######### #.......#


You could see an endoplasm.

Vanquished Creatures
  Terence (D:2)
  An adder (D:2)
  3 ball pythons
  5 endoplasms
  3 goblins (D:1)
  6 hobgoblins
  3 bats (D:1)
  A frilled lizard (D:1)
  A kobold (D:1)
  3 rats (D:1)
27 creatures vanquished.

Vanquished Creatures (others)
  2 fungi (D:1)
  6 plants (D:1)
  4 toadstools (D:1)
12 creatures vanquished.

Grand Total: 39 creatures vanquished

Notes
Turn   | Place    | Note
-------+----------+-------------------------------------------
     0 | D:1      | lunkers the Djinni Warper began the quest for the Orb.
     0 | D:1      | Reached XP level 1. HP: 18/18 MP: 0/0
   483 | D:1      | Reached XP level 2. HP: 23/23 MP: 0/0
   963 | D:1      | Found a faded altar of an unknown god.
  1062 | D:1      | Reached XP level 3. HP: 5/28 MP: 0/0
  1062 | D:1      | Learned a level 1 spell: Shock
  1971 | D:2      | Noticed Terence
  2007 | D:2      | Killed Terence
  2008 | D:2      | Reached XP level 4. HP: 19/33 MP: 0/0
  2220 | D:2      | Noticed Sigmund
  2347 | D:2      | Frozen to death by an endoplasm

Illustrated notes

Levels and vault maps discovered:
D:1:      ldierk_walled_garden_2, layout_loops_ring,
          shapermc_ecumenical_altar_mp_ritualfount,
          chequers_serial_rivers_micro_e
D:2:      layout_loops_cross, kennysheep_generic_room_8, uniq_terence,
          uniq_sigmund

Skill      XL: |  1  2  3 |
---------------+----------+-----
Unarmed Combat | 3 |  3.3
Spellcasting   | 3 |  3.2
Fighting       | |  2.0
Throwing       | |  0.7
Armour         | |  1.0
Dodging        | |  2.1

Action                   |  1- 3 |  4- 6 || total
-------------------------+-------+-------++-------
Melee: Unarmed           |    89 |       ||    89
       Punch             |     2 |       ||     2
 Cast: Shock             |    26 |     5 ||    31
Armor: Leather armour    |    36 |     1 ||    37
Dodge: Dodged            |    47 |     6 ||    53

Table legend: (Time is in decaauts)
 A = Elapsed time spent in this place.
 B = Non-inter-level travel time spent in this place.
 C = Inter-level travel time spent in this place.
 D = Time resting spent in this place.
 E = Time spent auto-exploring this place.
 F = Levels seen in this place.
 G = Mean time per level.
                   A        B        C        D        E       F      G
               +--------+--------+--------+--------+--------+-----+--------+
         Total |   2342 |   2324 |     18 |    243 |   1775 |   2 | 1171.0 |
       Dungeon |   2342 |   2324 |     18 |    243 |   1775 |   2 | 1171.0 |
               +--------+--------+--------+--------+--------+-----+--------+

Top non-repeatable levels by time:
     D:1: 1623 daAuts
     D:2: 719 daAuts
